 Dungeon Sprint DCSS version 0.29.1-2-gbd0b4ee654 (webtiles) character file.

Game seed: 3848786892784873042

170 Zeld the Cleaver (level 5, -6/76 HPs)
             Began as a Minotaur Berserker on Oct 31, 2022.
             Was a Believer of Trog.
             Killed from afar by a guardian serpent (14 damage)
             ... with a bolt of poison
             ... in the Dungeon (Sprint VII: "The Pits").
             The game lasted 00:00:13 (25 turns).

Zeld the Cleaver (Minotaur Berserker)                 Turns: 25, Time: 00:00:13

Health: -6/76      AC:  2    Str: 23    XL:     5   Next: 26%
Magic:  4/4        EV: 13    Int:  4    God:    Trog [**....]
Gold:   0          SH:  0    Dex: 10    Spells: 4/4 levels left

rFire   . . .      SeeInvis .   a - +0 hand axe
rCold   . . .      Faith    .   (no shield)
rNeg    . . .      Spirit   .   b - +0 animal skin
rPois   .          Reflect  .   (helmet restricted)
rElec   .          Harm     .   (no cloak)
rCorr   .          Rampage  .   (no gloves)
Will    .....      NoTele   +   (no boots)
Stlth   ..........              (no amulet)
HPRegen 0.22/turn               (no ring)
MPRegen 0.09/turn               (no ring)

@: berserking, lethally poisoned (-6 -> -20), very quick
A: horns 2, retaliatory headbutt
a: Renounce Religion, Berserk, Trog's Hand


You were in the Dungeon.
You worshipped Trog.
Trog was pleased with you.
You visited 1 branch

Inventory:

Hand Weapons
 a - a +0 hand axe (weapon)
Armour
 b - a +0 animal skin (worn)
Scrolls
 h - a scroll of blinking
Potions
 c - a potion of curing
 d - a potion of heal wounds
 e - a potion of haste
 f - 2 potions of magic
 g - a potion of berserk rage


   Skills:
 + Level 6.8 Fighting
 * Level 9.0 Axes
 + Level 6.2 Armour
 + Level 5.6 Dodging


You had 4 spell levels left.
You didn't know any spells.
Your spell library was empty.

Dungeon Overview and Level Annotations

Branches:
Dungeon (1/1)

Altars:


Innate Abilities, Weirdness & Mutations

You have a pair of horns on your head.
You reflexively headbutt those who attack you in melee.


Message History

You kill the killer bee!
Trog accepts your kill.
Your Fighting skill increases to level 6!
Your Axes skill gained 2 levels and is now at level 9!
Your Armour skill increases to level 6!
Your Dodging skill increases to level 5!
You have reached level 5!
You feel sick.
You see here a killer bee corpse.
You closely miss the guardian serpent. You headbutt the guardian serpent!
The guardian serpent is moderately wounded.
You feel sick. The guardian serpent misses you.
Unknown command.
You hit the guardian serpent.
The guardian serpent is moderately wounded.
You feel sick. The guardian serpent hits you.
Unknown command.
You hit the guardian serpent.
The guardian serpent is moderately wounded.
You feel sick.
The guardian serpent casts a spell at you.
You struggle to resist.
Unknown command.
You closely miss the guardian serpent.
The guardian serpent is moderately wounded.
You feel sick. The guardian serpent hits you!!
* * * LOW HITPOINT WARNING * * *
Unknown command.
Unknown command.
You completely miss the guardian serpent.
The guardian serpent is moderately wounded.
You feel sick.
Unknown command.
You slash the guardian serpent!
Your headbutt misses the guardian serpent.
The guardian serpent is severely wounded.
The guardian serpent casts a spell at you.
The bolt of poison hits you!
You are lethally poisoned!
You die...

##########++######
#................#
#......#..#......#
#................+
+................+
#......#..#†.....#
#........@.......#
####'#####S†######
#.......##''#
#.......##....
#.......##.....
#...<...##..####
#.......##..+
#.......##..#
#.......#


You could see a guardian serpent.

Vanquished Creatures
  4 killer bees (D)
4 creatures vanquished.

Notes
Turn   | Place    | Note
-------+----------+-------------------------------------------
     0 | D        | Zeld the Minotaur Berserker began the quest for the Orb.
     0 | D        | Reached XP level 1. HP: 19/19 MP: 0/0
    11 | D        | Noticed a killer bee
    11 | D        | Noticed a killer bee
    11 | D        | Noticed a killer bee
    11 | D        | Noticed a guardian serpent
    12 | D        | Killed a killer bee
    13 | D        | Reached skill level 5 in Fighting
    13 | D        | Reached skill level 6 in Axes
    13 | D        | Reached XP level 2. HP: 29/29 MP: 1/1
    13 | D        | Reached XP level 3. HP: 36/36 MP: 2/2
    16 | D        | Noticed a killer bee
    17 | D        | Killed a killer bee
    18 | D        | Reached skill level 7 in Axes
    18 | D        | Reached skill level 5 in Armour
    18 | D        | Reached XP level 4. HP: 37/44 MP: 3/3
    18 | D        | Reached ** piety under Trog
    19 | D        | Reached skill level 9 in Axes
    19 | D        | Reached skill level 5 in Dodging
    19 | D        | Reached XP level 5. HP: 41/51 MP: 4/4
    25 | D        | Killed from afar by a guardian serpent

Illustrated notes

Levels and vault maps discovered:
D:        pitsprint [storerooms_1, entrance_room_1, metal_vault_8, armoury_1,
          mini_pit_1, grid_room_1, main_hall_1, silver_pit, the_coven_1,
          the_vestibule_1, steel_vault_4, golden_pit, hallway_of_sentries,
          crystal_vault_3, iron_vault_4, final_vault]

Skill      XL: |  1  2  3  4 |
---------------+-------------+-----
Fighting       | 5 6 |  6.8
Axes           | 6 7 9 |  9.0
Armour         | 4 5 6 |  6.2
Dodging        | 3 4 5 |  5.6

Action                   |  1- 3 |  4- 6 || total
-------------------------+-------+-------++-------
Melee: Hand axe          |     5 |     7 ||    12
       Headbutt          |       |     1 ||     1
Invok: Berserk           |     1 |       ||     1
Armor: Animal skin       |     1 |       ||     1
Dodge: Dodged            |     8 |     3 ||    11
